 Dungeon Crawl Stone Soup version 0.28.0 (webtiles) character file.

Game seed: 13788237258904422393

30 browni3141 the Sneak (level 3, -6/33 HPs)
             Began as a Hill Orc Delver on Feb 6, 2022.
             Mangled by a scorpion (7 damage)
             ... on level 3 of the Dungeon.
             The game lasted 00:03:19 (1124 turns).

browni3141 the Sneak (Hill Orc Delver)              Turns: 1124, Time: 00:03:20

Health: -6/33      AC: 10    Str: 16    XL:     3   Next: 20%
Magic:  3/3        EV:  7    Int: 10    God:
Gold:   25         SH:  0    Dex: 12    Spells: 2/2 levels left

rFire   . . .      SeeInvis .   a - +0 hand axe
rCold   . . .      Faith    .   (no shield)
rNeg    . . .      Spirit   .   d - +0 chain mail
rPois   .          Reflect  .   (no helmet)
rElec   .          Harm     .   (no cloak)
rCorr   .          Rampage  .   l - +0 pair of gloves
Will    .....                   e - +0 pair of boots
Stlth   ..........              (no amulet)
HPRegen 0.11/turn               (no ring)
MPRegen 0.08/turn               (no ring)

@: lethally poisoned (-6 -> -11), flying
A: no striking features
a: no special abilities


You were on level 3 of the Dungeon.
You visited 1 branch of the dungeon, and saw 6 of its levels.

You collected 25 gold pieces.

Inventory:

Hand Weapons
 a - a +0 hand axe (weapon)
Missiles
 m - 5 javelins (quivered)
Armour
 b - a +0 leather armour
 d - a +0 chain mail (worn)
 e - a +0 pair of boots (worn)
 l - a +0 pair of gloves (worn)
Wands
 g - a wand of digging (3)
Scrolls
 c - a scroll of fog
 f - a scroll of enchant weapon {unknown}
 i - a scroll of teleportation {unknown}
 j - 3 scrolls of identify {unknown}
 k - a scroll of amnesia {unknown}


   Skills:
 + Level 4.1 Fighting
 + Level 3.3 Axes
 + Level 2.0 Dodging
 + Level 4.3 Stealth


You had 2 spell levels left.
You didn't know any spells.
Your spell library was empty.

Dungeon Overview and Level Annotations

Branches:
Dungeon (6/15)             Temple (0/1) D:5

Altars:
The Shining One

Shops:
D:3 (


Message History

You closely miss the scorpion.
The scorpion is lightly wounded.
The scorpion barely misses you. x2
You closely miss the scorpion.
The scorpion is lightly wounded.
The scorpion stings you but does no damage.
You barely miss the scorpion.
The scorpion is lightly wounded.
The scorpion barely misses you.
You hit the scorpion.
The scorpion is moderately wounded.
The scorpion stings you.
* * * LOW HITPOINT WARNING * * *
The scorpion stings you.
* * * LOW HITPOINT WARNING * * *
You closely miss the scorpion.
The scorpion is moderately wounded.
The scorpion stings you but does no damage.
You hit the scorpion.
The scorpion is moderately wounded.
The scorpion stings you but does no damage. x2
You completely miss the scorpion.
The scorpion is moderately wounded.
The scorpion stings you.
* * * LOW HITPOINT WARNING * * *
You are lethally poisoned!
The scorpion poisons you!
Unknown command.
It was a potion of flight.
You feel very buoyant.
You fly up into the air.
* * * LOW HITPOINT WARNING * * *
You feel sick. The scorpion stings you.
* * * LOW HITPOINT WARNING * * *
Unknown command.
You barely miss the scorpion.
The scorpion is moderately wounded.
* * * LOW HITPOINT WARNING * * *
You feel sick. The scorpion stings you!
You die...

#### #.. #.#
#######.# ##.#
#......s# #..#
#......@#
...#######.......##
...#..............#
...#.......#####.##
...........#...###
.............P....
...........#[..###
###........#####
###...(.....#


You could see a scorpion.

Vanquished Creatures
  An adder (D:3)
  A dart slug (D:3)
  3 ball pythons
  A bat (D:1)
  2 endoplasms
  A goblin (D:1)
  2 hobgoblins (D:1)
  4 jackals (D:1)
  A frilled lizard (D:3)
16 creatures vanquished.

Notes
Turn   | Place    | Note
-------+----------+-------------------------------------------
     0 | D:5      | browni3141 the Hill Orc Delver began the quest for the Orb.
     0 | D:5      | Reached XP level 1. HP: 19/19 MP: 1/1
   340 | D:5      | Noticed an ogre
   343 | D:4      | Noticed an iguana
   348 | D:4      | Noticed a scorpion
   366 | D:3      | Reached XP level 2. HP: 26/27 MP: 2/2
   436 | D:2      | Found a glowing golden altar of the Shining One.
   567 | D:1      | Reached XP level 3. HP: 23/33 MP: 3/3
   664 | D:1      | Found a faded altar of an unknown god.
  1090 | D:3      | Found Bihanwy's Weapon Shop.
  1124 | D:3      | HP: 1/33 [poisoned by a scorpion]
  1124 | D:3      | Mangled by a scorpion

Illustrated notes

Levels and vault maps discovered:
D:1:      scummos_arrival_checkerplants, layout_basic,
          hellmonk_ecumenical_altar_dog_temple, serial_park_tiny_1
D:2:      minmay_spotlight, layout_rooms, basic_altar, serial_bayou_pond_d,
          serial_bayou_pond_a, uniq_jessica
D:3:      layout_rooms, elyvilon_altar_1, nzn_wu_jian_contemplation,
          serial_shops, nicolae_diamond_shop
D:4:      layout_rooms, st_stairs_4, minmay_manual_monolith
D:5:      cheibrodos_helix_gallery, layout_basic, makhleb_grotto_becter,
          kennysheep_mini_moat, minmay_temple_entry_junction, serial_shops,
          shop_fountains
D:6:      layout_basic, nicolae_overflow_crystal_walls,
          grunt_temple_overflow_open, uniq_crazy_yiuf_cottage

Skill      XL: |  1  2  3 |
---------------+----------+-----
Axes           | 3 |  3.3
Fighting       | 4 |  4.1
Dodging        | 2 |  2.0
Stealth        | |  4.3

Action                   || total
-------------------------++-------
Melee: Hand axe          ||    88
       Punch             ||     1
  Use: Scroll            ||     2
       Potion            ||     2
 Stab: Sleeping          ||     1
Armor: Leather armour    ||     3
       Chain mail        ||    58
Dodge: Dodged            ||    35
